 Dungeon Crawl Stone Soup version 0.27-a0-1188-g73eefd5def (webtiles) character file.

Game seed: 1160836217522905064

3 rageheart7 the Poker (level 1, -4/17 HPs)
             Began as a Naga Gladiator on May 21, 2021.
             Was a Follower of Hepliaklqana.
             Slain by a gnoll
             ... wielding a +0 whip
              (7 damage)
             ... on level 1 of the Dungeon.
             The game lasted 00:00:44 (259 turns).

rageheart7 the Poker (Naga Gladiator)                Turns: 259, Time: 00:00:45

Health: -4/17      AC:  2    Str: 16    XL:     1   Next: 50%
Magic:  1/1        EV: 10    Int:  8    God:    Hepliaklqana [*.....]
Gold:   10         SH:  0    Dex: 12    Spells: 0/0 levels left

rFire    . . .     SeeInvis +   a - +0 trident
rCold    . . .     Faith    .   (no shield)
rNeg     . . .     Spirit   .   b - +0 leather armour
rPois    +         Reflect  .   c - +0 helmet
rElec    .         Harm     .   (no cloak)
rCorr    .         Rampage  .   (no gloves)
Will     .....                  (no barding)
Stlth    +.........             (no amulet)
HPRegen  0.05/turn              (no ring)
MPRegen  0.07/turn              (no ring)

@: very slow
A: reduced essence, AC +0, large, see invisible, deformed body, poison
resistance, slowness 2, spit poison 1, naga tail 1
a: Spit Poison, Renounce Religion, Recall Ancestor, Ancestor Identity


You were on level 1 of the Dungeon.
You worshipped Hepliaklqana.
Hepliaklqana was aware of your devotion.
You visited 1 branch of the dungeon, and saw 1 of its levels.

You collected 10 gold pieces.

Inventory:

Hand Weapons
 a - a +0 trident (weapon)
Missiles
 d - 3 throwing nets (quivered)
Armour
 b - a +0 leather armour (worn)
 c - a +0 helmet (worn)
Scrolls
 e - a scroll of amnesia {unknown}
Potions
 f - a potion of cancellation {unknown}


   Skills:
 * Level 2.1 Fighting
 * Level 3.1 Polearms
 - Level 1.7 Throwing
 - Level 2.4 Dodging


You couldn't memorise any spells.
You didn't know any spells.
Your spell library was empty.

Dungeon Overview and Level Annotations

Branches:
Dungeon (1/15)

Altars:
Hepliaklqana


Innate Abilities, Weirdness & Mutations

Your life essence is reduced to manifest your ancestor. (-10% HP)
Your serpentine skin is tough. (AC +0)
You have supernaturally acute eyesight. (SInv)
Armour fits poorly on your strangely shaped body.
Your system is resistant to poisons. (rPois)
You cover ground very slowly.
You can spit poison.
You have a snake-like lower body.


Message History

You can now recall your ancestor.
You can now remember your ancestor's identity.
Remember Cihuaton's name as what?
Cihuaton
Okay, then.
Was Cihuaton a) male, b) female, or c) neither? (Currently neither.)
Okay, then.
HP restored.
A gnoll comes into view. It is wielding a +0 whip.
A goblin comes into view. It is wielding a +0 dagger.
The goblin shouts!
The gnoll shouts!
The gnoll barely misses you.
You closely miss the gnoll. The gnoll hits you with a +0 whip!
You puncture the gnoll!
The gnoll is heavily wounded.
The goblin misses you. The gnoll hits you with a +0 whip.
You are too injured to fight recklessly!
You are too injured to fight recklessly!
You swap places.
The goblin misses Cihuaton.
Something hits Cihuaton.
Reach: a) +0 trident
Press: ? - help, Dir - move target, f - goblin
Aim: a goblin, wielding a +0 dagger (about 50% to evade your +0 trident)
You could not reach far enough!
The goblin hits Cihuaton with a +0 dagger.
Cihuaton is destroyed!
Reach: a) +0 trident
Press: ? - help, Dir - move target, f - gnoll
Aim: a gnoll, wielding a +0 whip (heavily wounded, about 39% to evade your +0 trident)
You barely miss the gnoll.
The gnoll is heavily wounded.
The gnoll hits you with a +0 whip.
* * * LOW HITPOINT WARNING * * *
The gnoll hits you with a +0 whip.
* * * LOW HITPOINT WARNING * * *
Reach: a) +0 trident
Press: ? - help, Dir - move target, f/p - gnoll
Aim: a gnoll, wielding a +0 whip (heavily wounded, about 39% to evade your +0 trident)
You barely miss the gnoll.
The gnoll is heavily wounded.
The gnoll hits you with a +0 whip!
You die...

#... ##...# #....#
#....#
......[#....###
........#......##
........#.......##
........##....g..#
#.......#...@#..#
#.......##...#..#
#........#...##.#
#......).##...#.#
#.........#...###
##........#....#
##.....#......##
#########.....#
#.....#


You could see a gnoll.

Vanquished Creatures
  A goblin (D:1)
  A quokka (D:1)
  A frilled lizard (D:1)
3 creatures vanquished.

Vanquished Creatures (others)
  An ancestor (D:1)
1 creature vanquished.

Grand Total: 4 creatures vanquished

Notes
Turn   | Place    | Note
-------+----------+-------------------------------------------
     0 | D:1      | rageheart7 the Naga Gladiator began the quest for the Orb.
     0 | D:1      | Reached XP level 1. HP: 19/19 MP: 1/1
    53 | D:1      | Found a faded altar of an unknown god.
    89 | D:1      | Became a worshipper of Hepliaklqana the Forgotten
    89 | D:1      | Reached * piety under Hepliaklqana
   259 | D:1      | Slain by a gnoll

Illustrated notes

Levels and vault maps discovered:
D:1:      ebering_trefoil_twist, layout_rooms, hellmonk_ecumenical_altar_zigzags

Action                   || total
-------------------------++-------
Melee: Trident           ||    10
Invok: Ancestor Identity ||     1
Dodge: Dodged            ||     3

Table legend: (Time is in decaauts)
 A = Elapsed time spent in this place.
 B = Non-inter-level travel time spent in this place.
 C = Inter-level travel time spent in this place.
 D = Time resting spent in this place.
 E = Time spent auto-exploring this place.
 F = Levels seen in this place.
 G = Mean time per level.
                   A        B        C        D        E       F      G
               +--------+--------+--------+--------+--------+-----+--------+
         Total |    297 |    297 |      0 |      0 |    248 |   1 |  297.0 |
       Dungeon |    297 |    297 |      0 |      0 |    248 |   1 |  297.0 |
               +--------+--------+--------+--------+--------+-----+--------+

Top non-repeatable levels by time:
     D:1: 297 daAuts
